 Dungeon Crawl Stone Soup version 0.28-a0-816-gb054d885db (webtiles) character file.

Game seed: 9182582095697827391

301 cheechan the Poker (level 6, -1/49 HPs)
             Began as a Merfolk Monk on Nov 8, 2021.
             Slain by a goblin (2 damage)
             ... led by Robin
             ... on level 3 of the Dungeon.
             The game lasted 00:10:14 (2766 turns).

cheechan the Poker (Merfolk Monk)                   Turns: 2766, Time: 00:10:15

Health: -1/49      AC:  5    Str: 13    XL:     6   Next: 37%
Magic:  6/6        EV: 10    Int:  9    God:
Gold:   130        SH:  8    Dex: 17    Spells: 5/5 levels left

rFire   . . .      SeeInvis .   a - +0 spear (venom)
rCold   . . .      Faith    .   m - +0 kite shield
rNeg    . . .      Spirit   .   l - +0 ring mail
rPois   .          Reflect  .   (no helmet)
rElec   .          Harm     .   (no cloak)
rCorr   .          Rampage  .   (no gloves)
Will    .....                   (no boots)
Stlth   ++........              (no amulet)
HPRegen 0.16/turn               q - ring of flight
MPRegen 0.10/turn               (no ring)

@: on berserk cooldown, flying, slowed, very slow
A: (nimble swimmer 2), mertail
a: no special abilities


You were on level 3 of the Dungeon.
You visited 1 branch of the dungeon, and saw 4 of its levels.

You collected 130 gold pieces.

Inventory:

Hand Weapons
 a - a +0 spear of venom (weapon)
Missiles
 c - 66 arrows
 g - 34 poisoned darts (quivered)
Armour
 l - a +0 ring mail (worn)
 m - a +0 kite shield (worn)
Jewellery
 q - a ring of flight (left hand)
Wands
 j - a wand of paralysis (11)
Scrolls
 b - a scroll of magic mapping
 i - a scroll of teleportation
 r - a scroll of amnesia {unknown}
Potions
 d - a potion of invisibility
 f - a potion of lignification {unknown}
 h - a potion of resistance {unknown}
 k - a potion of flight {unknown}
 n - 2 potions of haste {unknown}
 o - a potion of degeneration {unknown}
 p - a potion of brilliance {unknown}


   Skills:
 + Level 4.4 Fighting
 + Level 6.9 Polearms
 + Level 0.4 Throwing
 + Level 1.2 Armour
 + Level 5.4 Dodging
 + Level 3.0 Stealth
 + Level 0.6 Shields


You had 5 spell levels left.
You didn't know any spells.
Your spell library was empty.

Dungeon Overview and Level Annotations

Branches:
Dungeon (4/15)
 Temple: D:4-7

Altars:
Kikubaaqudgha
Nemelex Xobeh
Vehumet
Xom
Zin

Annotations:
D:4 Robin


Innate Abilities, Weirdness & Mutations

((You are quick and stealthy near water. (Stealth+, EV+, Speed+++)))
Your lower body shifts to a powerful aquatic tail in water.


Message History

You block the goblin's attack. The goblin closely misses you.
The goblin hits you with a +0 club.
* * * LOW HITPOINT WARNING * * *
The goblin misses you.
You fly upwards.
There is a stone staircase leading down here.
You barely miss the goblin. You block the goblin's attack.
The goblin hits you but does no damage. You block the goblin's attack.
The goblin closely misses you. x2; The goblin misses you.
You hit the goblin but do no damage.
The goblin is poisoned.
The goblin barely misses you. You block the goblin's attack. x2
The goblin hits you with a +0 club.
* * * LOW HITPOINT WARNING * * *
You block the goblin's attack. The goblin misses you.
The goblin barely misses you.
You barely miss the goblin.
The goblin is severely wounded.
You kill the goblin!
The goblin hits you with a +0 club.
* * * LOW HITPOINT WARNING * * *
The goblin hits you but does no damage. The goblin hits you with a +0 dagger.
* * * LOW HITPOINT WARNING * * *
You hit the goblin.
The goblin is poisoned.
The goblin is severely wounded.
The goblin no longer looks unusually strong.
You kill the goblin!
The goblin hits you but does no damage. You block the goblin's attack.
The goblin barely misses you. The goblin hits you with a +0 dagger.
* * * LOW HITPOINT WARNING * * *
You hit the goblin.
The goblin is poisoned.
The goblin is severely wounded.
The goblin hits you with a +0 club.
* * * LOW HITPOINT WARNING * * *
The goblin barely misses you. The goblin misses you.
The goblin closely misses you.
You hit the goblin.
You kill the goblin!
The goblin hits you but does no damage.
You closely miss the goblin. The goblin hits you with a +0 club.
You die...

# #...................#
#.....###
###.......###'##.....##
#........ ......#.###
#..#.....# #......#.
#####.#.#
##.#.########........
....#.#.#
#.)(.......'........
.##.#.#.#
#...########.....##.
.##.#.#.#######..#
#.....###
.##.#.#........g.#
#.....#
.##.#.#########)@##
#.....#
.##............)).#
#.....#
.####.####.#####..#
#.##### ......#
#.#...<..# #.# #######
###.#.#.## #.# #.#.#.#
#.# #.#.#.# #.# #.#.#.#
#.####### #.#.#.#
#........


You could see a goblin.

Vanquished Creatures
  A necrophage (D:4)
  A bullfrog (D:4)
  A water moccasin skeleton (D:3)
  4 adders
  2 worms
  2 dart slugs
  An orc (D:3)
  3 endoplasms (D:3)
  12 goblins
  6 hobgoblins
  8 jackals
  4 kobolds
  A quokka (D:3)
  4 ball pythons
  6 bats
  2 rats
58 creatures vanquished.

Notes
Turn   | Place    | Note
-------+----------+-------------------------------------------
     0 | D:1      | cheechan the Merfolk Monk began the quest for the Orb.
     0 | D:1      | Reached XP level 1. HP: 18/18 MP: 1/1
   218 | D:1      | Reached XP level 2. HP: 23/24 MP: 2/2
   498 | D:1      | You fall into a shaft and drop 1 floor!
   579 | D:2      | Reached skill level 5 in Polearms
   622 | D:2      | Reached XP level 3. HP: 25/29 MP: 3/3
  1029 | D:2      | Found a faded altar of an unknown god.
  1545 | D:3      | Reached XP level 4. HP: 37/37 MP: 4/4
  1785 | D:3      | Reached skill level 6 in Polearms
  1904 | D:3      | Found a radiant altar of Vehumet.
  1912 | D:3      | Found an ancient bone altar of Kikubaaqudgha.
  1912 | D:3      | Found a sparkling altar of Nemelex Xobeh.
  1935 | D:3      | Found a shimmering altar of Xom.
  1945 | D:3      | Found a glowing silver altar of Zin.
  1968 | D:3      | Reached skill level 5 in Dodging
  1968 | D:3      | Reached XP level 5. HP: 9/42 MP: 5/5
  2729 | D:4      | Noticed a necrophage
  2740 | D:4      | Killed a necrophage
  2741 | D:4      | Reached skill level 1 in Armour
  2741 | D:4      | Reached XP level 6. HP: 27/49 MP: 6/6
  2754 | D:4      | Noticed Robin
  2763 | D:3      | HP: 2/49 [goblin[Robin] (3)]
  2766 | D:3      | Slain by a goblin

Illustrated notes

Levels and vault maps discovered:
D:1:      grunt_arrival_crossed_arrows, layout_basic
D:2:      layout_basic, shapermc_ecumenical_altar_mp_highgroup,
          kennysheep_generic_room_9
D:3:      layout_basic, minmay_overflow_temple_star_hex,
          minmay_fractal_squares_5
D:4:      layout_cave_pools, uniq_pikel, uniq_robin

Skill      XL: |  1  2  3  4  5  6 |
---------------+-------------------+-----
Polearms       | 5 6 |  6.9
Fighting       | 4 |  4.4
Dodging        | 5 |  5.4
Armour         | 1 |  1.2
Stealth        | 3 |  3.0
Throwing       | |  0.4
Shields        | |  0.6

Action                   |  1- 3 |  4- 6 || total
-------------------------+-------+-------++-------
Melee: Spear             |   104 |    91 ||   195
Throw: Dart              |     7 |     3 ||    10
  Use: Scroll            |     5 |     2 ||     7
       Potion            |       |     1 ||     1
 Stab: Sleeping          |     3 |       ||     3
       Distracted        |     1 |       ||     1
Armor: Robe              |    12 |       ||    12
       Ring mail         |     1 |    25 ||    26
Dodge: Dodged            |    64 |    49 ||   113
Block: Kite shield       |       |    36 ||    36

Table legend: (Time is in decaauts)
 A = Elapsed time spent in this place.
 B = Non-inter-level travel time spent in this place.
 C = Inter-level travel time spent in this place.
 D = Time resting spent in this place.
 E = Time spent auto-exploring this place.
 F = Levels seen in this place.
 G = Mean time per level.
                   A        B        C        D        E       F      G
               +--------+--------+--------+--------+--------+-----+--------+
         Total |   2752 |   2752 |      0 |    234 |      0 |   4 |  688.0 |
       Dungeon |   2752 |   2752 |      0 |    234 |      0 |   4 |  688.0 |
               +--------+--------+--------+--------+--------+-----+--------+

Top non-repeatable levels by time:
     D:3: 1217 daAuts
     D:2: 1008 daAuts
     D:1: 492 daAuts
     D:4: 33 daAuts
